 Dungeon Crawl Stone Soup version 0.28-a0-851-g8b9cc49659 (webtiles) character file.

Game seed: 7891378929108341931

149316 ryw the Convoker (level 16, -6/89 HPs)
             Began as a Deep Elf Summoner on Nov 12, 2021.
             Was the Champion of Hepliaklqana.
             Shot with an arrow by a deep elf archer (20 damage)
             ... on level 1 of the Elven Halls on Nov 14, 2021.
             The game lasted 02:43:05 (35555 turns).

ryw the Convoker (Deep Elf Summoner)               Turns: 35555, Time: 02:43:06

Health: -6/89      AC: 15    Str: 10    XL:     16   Next: 96%
Magic:  26/32      EV: 21    Int: 25    God:    Hepliaklqana [******]
Gold:   1215       SH:  0    Dex: 15    Spells: 7/35 levels left

rFire   + + +      SeeInvis +   x - +7 pair of quick blades "Gyre" and "Gimble" {protect}
rCold   + . .      Faith    .   (shield currently unavailable)
rNeg    . . .      Spirit   .   A - +1 robe of Goutt {rElec rF+++ Int-5 Slay+4}
rPois   .          Reflect  .   I - +2 helmet
rElec   +          Harm     .   n - +2 cloak
rCorr   .          Rampage  .   O - +2 pair of gloves
Will    +....                   i - +2 pair of boots
Stlth   +++++.....              C - amulet "Yrimm" {Regen+ Str+5}
HPRegen 1.24/turn               l - ring of Truth {rC+ Slay+4 SInv}
MPRegen 0.23/turn               u - +4 ring of slaying

@: swift, studying Bows, very quick
A: reduced essence, clever 1, mutation resistance 1, wild magic 1
a: Renounce Religion, Recall Ancestor, Ancestor Identity, Transference, Idealise


You were on level 1 of the Elven Halls.
You worshipped Hepliaklqana.
Hepliaklqana was exalted by your worship.
You visited 6 branches of the dungeon, and saw 27 of its levels.
You also visited: Ice Cave.

You collected 2866 gold pieces.
You spent 1651 gold pieces at shops.

Inventory:

Hand Weapons
 x - the +7 pair of quick blades "Gyre" and "Gimble" (weapon) {protect}
   (You found it on level 11 of the Dungeon)

   It grants its wielder temporary protection when it strikes (+7 to AC).
 H - a +9 quick blade
Missiles
 q - 7 throwing nets
Armour
 i - a +2 pair of boots (worn)
 n - a +2 cloak (worn)
 v - the +0 buckler of the Orb Guardian {rF+ Dex+2}
   (You found it on level 4 of the Lair of Beasts)

   Dex:       It affects your dexterity (+2).
   rF:        It protects you from fire.
 A - the +1 robe of Goutt (worn) {rElec rF+++ Int-5 Slay+4}
   (You found it on level 5 of the Dungeon)

   Int:       It affects your intelligence (-5).
   Slay:      It affects your accuracy & damage with ranged weapons and melee
   (+4).
   rF:        It renders you almost immune to fire.
   rElec:     It insulates you from electricity.
 I - a +2 helmet (worn)
 O - a +2 pair of gloves (worn)
Jewellery
 g - a ring of poison resistance
 l - the ring of Truth (left hand) {rC+ Slay+4 SInv}
   (You acquired it on level 5 of the Dungeon)

   [ring of slaying]

   Slay:      It affects your accuracy & damage with ranged weapons and melee
   (+4).
   rC:        It protects you from cold.
   SInv:      It lets you see invisible.
 t - a ring of positive energy
 u - a +4 ring of slaying (right hand)
 w - a ring of protection from cold
 y - a ring of willpower
 C - the amulet "Yrimm" (around neck) {Regen+ Str+5}
   (You found it on level 7 of the Dungeon)

   [amulet of regeneration]

   Str:       It affects your strength (+5).
   Regen:     It increases your rate of health regeneration.
 R - a ring of flight
 T - the ring "Lekohi" {+Blink rC+}
   (You found it on level 3 of the Lair of Beasts)

   [ring of protection from cold]

   rC:        It protects you from cold.
   +Blink:    It lets you blink.
Wands
 p - a wand of acid (17)
 J - a wand of flame (16)
 K - a wand of iceblast (13)
 L - a wand of paralysis (24)
 S - a wand of polymorph (12)
 U - a wand of charming (3)
 X - a wand of mindburst (8)
Scrolls
 a - a scroll of silence
 o - 4 scrolls of amnesia
 B - 15 scrolls of teleportation
 D - 7 scrolls of blinking
 M - 2 scrolls of fear
 P - a scroll of summoning
 V - a scroll of magic mapping
 Y - 4 scrolls of fog
Potions
 b - 5 potions of haste
 c - 4 potions of heal wounds
 d - a potion of invisibility
 e - a potion of resistance
 f - a potion of mutation
 h - 5 potions of brilliance
 j - 2 potions of berserk rage
 k - 5 potions of attraction
 m - 3 potions of cancellation
 r - 7 potions of curing
 s - 3 potions of flight
 E - 2 potions of magic
 G - 2 potions of lignification
 Q - 3 potions of ambrosia
 W - 4 potions of might
Miscellaneous
 F - a phial of floods
 N - a tin of tremorstones (2/2)


   Skills:
 + Level 10.8 Fighting
 - Level 8.0 Short Blades
 + Level 16.4 Dodging
 + Level 11.4 Stealth
 - Level 4.3 Shields
 - Level 10.0 Spellcasting
 + Level 19.1 Summonings
 - Level 8.2 Translocations
 - Level 5.0 Air Magic
 - Level 8.2 Invocations


You had 7 spell levels left.
You knew the following spells:

 Your Spells              Type           Power      Damage    Failure   Level
a - Summon Small Mammal   Summ           100%       N/A       1%          1
b - Call Imp              Summ           96%        N/A       1%          2
c - Call Canine Familiar  Summ           96%        N/A       1%          3
d - Summon Lightning Spi  Summ/Air       76%        N/A       1%          4
e - Summon Guardian Gole  Hex/Summ       68%        N/A       1%          3
f - Teleport Other        Tloc           62%        N/A       1%          3
g - Summon Ice Beast      Ice/Summ       68%        N/A       1%          4
h - Swiftness             Air            48%        N/A       3%          3
i - Summon Mana Viper     Hex/Summ       68%        N/A       4%          5

Your spell library contained the following spells:

 Spells                   Type           Power      Damage    Failure   Level
 Gell's Gravitas          Tloc           62%        N/A       1%          3
 Shock                    Conj/Air       100%       1d9       3%          1
 Passage of Golubria      Tloc           62%        N/A       3%          4
 Corpse Rot               Necr/Air       64%        N/A       4%          2
 Poisonous Vapours        Pois/Air       64%        N/A       4%          2
 Portal Projectile        Hex/Tloc       84%        N/A       4%          3
 Animate Skeleton         Necr           32%        N/A       8%          1
 Foxfire                  Conj/Fire      64%        2x1d7     8%          1
 Pain                     Necr           64%        1d7       8%          1
 Slow                     Hex            64%        N/A       8%          1
 Airstrike                Air            24%        N/A       10%         4
 Confusing Touch          Hex            16%        N/A       21%         3
 Conjure Flame            Conj/Fire      16%        6-21      21%         3
 Frozen Ramparts          Ice            32%        1d5       21%         3
 Inner Flame              Hex/Fire       16%        N/A       21%         3
 Tukima's Dance           Hex            16%        N/A       21%         3
 Vampiric Draining        Necr           16%        2d7       21%         3
 Dispersal                Tloc           31%        N/A       34%         6
 Cause Fear               Hex            8%         N/A       52%         4
 Flame Wave               Conj/Fire      16%        3d5       52%         4
 Silence                  Hex/Air        16%        N/A       52%         5
 Yara's Violent Unravell  Hex/Tmut       8%         3d5       86%         5
 Discord                  Hex            8%         N/A       100%        8
 Disjunction              Tloc           31%        N/A       100%        8
 Lehudib's Crystal Spear  Conj/Erth      8%         10d3      100%        8


Dungeon Overview and Level Annotations

Branches:
Dungeon (15/15)            Temple (1/1) D:4            Lair (6/6) D:10
 Shoals (2/4) Lair:4        Snake (0/4) Lair:3        Slime (0/5) Lair:5
    Orc (2/2) D:12            Elf (1/3) Orc:2        Vaults (0/5) D:14
 Depths (0/4) D:15          IceCv (visited)

Altars:
Ashenzari
Cheibriados
Dithmenos
Elyvilon
Fedhas
Gozag
Hepliaklqana
Kikubaaqudgha
Makhleb
Nemelex Xobeh
Okawaru
Qazlal
Ru
Sif Muna
Trog
Uskayaw
Vehumet
Wu Jian
Xom
Yredelemnul
Zin
The Shining One
Beogh

Shops:
D:15 *   Orc:1 [   Orc:2 ((*(

Annotations:
D:8 Joseph


Innate Abilities, Weirdness & Mutations

Your life essence is reduced to manifest your ancestor. (-10% HP)
Your mind is acute. (Int +2)
You are somewhat resistant to further mutation.
Your spells are a little harder to cast, but a little more powerful.


Message History

The arrow hits you!
Your lightning spire shoots out a bolt of lightning at the deep elf zephyrmancer!
The bolt of electricity hits the deep elf zephyrmancer!!
You climb upwards.
Welcome back to the Orcish Mines!
Your summoned ally is left behind.
There is a staircase to the Elven Halls here.
You start resting.
You start to feel a little slower.
You start resting.
You feel sluggish.
You start resting.
You start to feel a little faster.
You start resting.
HP restored.
You start resting.
You no longer feel sluggish.
You start resting.
Magic restored.
Casting: Call Canine Familiar (safe; 1% risk of failure)
Confirm with . or Enter, or press ? or * to list all spells.
A chill wind blows around you.
Unknown command.
Casting: Summon Ice Beast (dangerous; 1% risk of failure)
Confirm with . or Enter, or press ? or * to list all spells.
You feel quick.
You climb downwards.
Welcome back to the Elven Halls!
Your summoned ally is left behind.
The deep elf archer shoots an arrow.
The arrow hits you!!
The deep elf archer shoots an arrow.
The arrow closely misses you.
The deep elf archer shoots an arrow.
The arrow hits you!!
The deep elf zephyrmancer mumbles some strange words.
The deep elf zephyrmancer blinks!
The deep elf archer shoots an arrow.
The arrow hits you!
The deep elf archer shoots an arrow.
The arrow closely misses you.
The deep elf archer mumbles some strange words.
The deep elf archer blinks!
There is a staircase back to the Mines, spattered with blood here.
The deep elf archer shoots an arrow.
The arrow hits you!!
* * * LOW HITPOINT WARNING * * *
The deep elf archer shoots an arrow.
The arrow hits you!!
You die...

##.###.###.##
##...........##
.../8.....8ยง...
......(..e....e
8.............8
..e............
....).8R8......
.......@.e..e..
....8.....8....
...............
##...........##
#############


You could see the friendly Cashile the hexer, 3 deep elf archers and 2 deep elf
zephyrmancers.

Vanquished Creatures
  Jorgrun (Shoals:1)
  Kirke (D:13)
  Louise (D:14)
  Snorg (D:13)
  An ettin (Orc:2)
  A fire dragon (Lair:6)
  An ice dragon (D:15)
  A merfolk impaler (Shoals:2)
  5 vault guards
  Erolcha (Orc:1)
  2 boulder beetles
  A hydra (D:14)
  A centaur warrior (D:14)
  A merfolk avatar (Shoals:2)
  An ogre mage (D:15)
  A satyr (Shoals:2)
  A dancing weapon (Orc:2)
  12 two-headed ogres
  3 tengu warriors (D:14)
  3 orc high priests (Orc:2)
  A skeletal warrior (D:15)
  A flayed ghost (D:15)
  2 sea snakes
  2 orc knights
  A necromancer (D:15)
  2 lindwurms (Lair:6)
  4 deep elf zephyrmancers (Orc:2)
  9 harpies
  3 deep elf pyromancers
  3 fauns (Shoals:1)
  8 ugly things
  A cyclops (D:11)
  A manticore (Shoals:2)
  2 merfolk sirens
  6 elephants (Lair:6)
  7 black mambas
  A molten gargoyle (Lair:6)
  2 ice statues (IceCv)
  2 water nymphs
  A yaktaur (shapeshifter) (D:14)
  9 cane toads
  2 gargoyles
  2 unseen horrors
  A rime drake (shapeshifter) (D:14)
  8 komodo dragons
  5 anaconda simulacra (IceCv)
  A freezing wraith (IceCv)
  3 rime drakes
  An efreet (D:14)
  2 entropy weaver simulacra (IceCv)
  3 ice devils (IceCv)
  4 merfolk
  3 wind drakes
  4 trolls
  3 blink frogs
  4 polar bears
  A snapping turtle (Shoals:1)
  7 slime creatures
  A centaur simulacrum (D:14)
  7 water elementals
  5 spriggans
  2 dire elephant simulacra (IceCv)
  A fire elemental (Orc:2)
  4 wyverns
  18 yaks
  2 wraiths
  2 basilisks (Lair:5)
  2 hogs (D:13)
  A steam dragon (Shoals:1)
  A vampire mosquito (D:7)
  4 wargs
  A harpy simulacrum (IceCv)
  A redback simulacrum (D:14)
  2 acid dragons
  3 hell hounds (Lair:6)
  12 water moccasins
  15 orc warriors
  4 black bears
  6 wolves
  2 ogres (Orc:2)
  11 centaurs
  A scorpion (D:10)
  4 bullfrogs
  A gnoll sergeant (D:11)
  A water moccasin zombie (D:7)
  A wight (D:8)
  A killer bee (D:9)
  An electric eel (Lair:4)
  A centaur zombie (D:9)
  16 orc priests
  A centaur skeleton (D:7)
  A hexer (D:10)
  19 orc wizards
  A nameless horror (Shoals:2)
  8 gnolls
  3 adders
  14 white imps
  An ufetubus (IceCv)
  25 orcs
  3 bats
  3 endoplasms
  2 giant cockroaches (D:4)
  A jackal (D:2)
  4 quokkas
  3 frilled lizards
  A goblin (D:2)
  3 rats (D:2)
389 creatures vanquished.

Vanquished Creatures (collateral kills)
  Rupert (Lair:4)
  A kraken (Shoals:1)
  An orc warlord (Orc:2)
  A reaper (IceCv)
  2 merfolk impalers
  Harold (D:8)
  A boulder beetle (Lair:2)
  The ghost of Zihow the Frost Mage, a journeyman DgIE (Lair:2)
  2 vault guards
  A death knight (D:13)
  A merfolk avatar (Shoals:1)
  6 two-headed ogres
  4 hydras
  A catoblepas (Lair:4)
  A centaur warrior (D:14)
  7 death yaks
  A merfolk aquamancer (Shoals:2)
  Urug (Lair:3)
  An orc high priest (Orc:2)
  A titan zombie (D:15)
  A spark wasp zombie (D:15)
  Pikel (D:8)
  A skeletal warrior (D:15)
  3 sea snakes
  4 fauns
  7 harpies
  3 deep elf pyromancers
  An oklob plant (Lair:3)
  5 ugly things
  A fire giant zombie (D:15)
  2 manticores (Shoals:1)
  2 merfolk sirens
  4 black mambas
  2 water nymphs
  A frost giant skeleton (D:15)
  4 elephants (Lair:6)
  A torpor snail (Lair:6)
  A molten gargoyle (Lair:6)
  3 cane toads
  An unseen horror (D:10)
  8 rime drakes
  7 komodo dragons
  3 merfolk
  A hornet (D:10)
  6 polar bears
  Grinder (D:6)
  2 wind drakes
  Prince Ribbit (D:6)
  6 blink frogs
  A meliai zombie (D:11)
  8 slime creatures
  4 dream sheep (Lair:6)
  A spriggan (Lair:4)
  3 shadows
  2 water elementals
  4 wyverns
  40 yaks
  2 hogs (D:13)
  4 basilisks
  A wraith (D:10)
  5 steam dragons
  Edmund (D:4)
  2 acid dragons
  3 nagas (Lair:3)
  Duvessa (D:4)
  9 orc warriors
  7 water moccasins
  A hell hound (Lair:6)
  An ice beast (D:6)
  A hornet zombie (D:8)
  4 black bears
  An ogre (shapeshifter) (D:10)
  4 ogres
  2 wolves
  4 centaurs
  A phantom (D:4)
  3 lemures (D:8)
  3 kobold brigands
  A two-headed ogre simulacrum (IceCv)
  4 bullfrogs
  2 gnoll sergeants
  2 scorpions
  Dowan (D:4)
  An elephant simulacrum (IceCv)
  3 killer bees (D:9)
  8 wights
  A howler monkey (D:10)
  5 lava snakes (Lair:6)
  5 hounds
  10 orc priests
  4 iguanas
  Crazy Yiuf (D:6)
  A gnoll shaman (D:6)
  11 orc wizards
  A scorpion zombie (D:5)
  A spriggan simulacrum (IceCv)
  A troll simulacrum (IceCv)
  A killer bee zombie (D:6)
  2 hound skeletons
  13 gnolls
  4 adders
  3 white imps
  An ufetubus (D:6)
  An adder skeleton (D:4)
  A worm (D:2)
  3 dart slugs
  38 orcs
  2 ball pythons
  4 bats
  4 endoplasms
  4 giant cockroaches
  4 goblins
  3 hobgoblins
  A jackal (D:2)
  19 kobolds
  3 quokkas
  2 frilled lizards
  A jackal skeleton (D:4)
  3 rats
  A bush (D:9)
  A tentacle (Shoals:1)
424 creatures vanquished.

Vanquished Creatures (others)
  A vault guard (D:14)
  A hydra (D:11)
  A boulder beetle (Lair:4)
  3 death yaks (Lair:6)
  A sea snake (Shoals:2)
  An orc sorcerer (Orc:2)
  2 merfolk (Shoals:2)
  A spriggan (Lair:4)
  A yak (Lair:6)
  An orc warrior (Orc:2)
  31 hexers
  5 ancestors (D:6)
  An orc (Orc:2)
  3 bushes (Lair:6)
  53 fungi
  98 plants
  6 tentacles (Shoals:1)
  10 withered plants (D:15)
220 creatures vanquished.

Grand Total: 1033 creatures vanquished

Notes
Turn   | Place    | Note
-------+----------+-------------------------------------------
     0 | D:1      | ryw the Deep Elf Summoner began the quest for the Orb.
     0 | D:1      | Reached XP level 1. HP: 10/10 MP: 6/6
   249 | D:1      | Reached XP level 2. HP: 5/15 MP: 4/8
   252 | D:1      | Learned a level 2 spell: Call Imp
   488 | D:1      | Reached skill level 5 in Summonings
   615 | D:1      | Found a faded altar of an unknown god.
  1188 | D:2      | Reached XP level 3. HP: 16/19 MP: 3/9
  1213 | D:1      | Learned a level 3 spell: Call Canine Familiar
  1642 | D:2      | Reached skill level 6 in Summonings
  1796 | D:2      | You fall into a shaft and drop 1 floor!
  1863 | D:2      | Reached XP level 4. HP: 24/24 MP: 7/10
  2636 | D:3      | Found a broken altar of Ashenzari.
  2880 | D:3      | Found a burning altar of Makhleb.
  2975 | D:3      | Found a bloodstained altar of Trog.
  2979 | D:3      | Found a sacrificial altar of Ru.
  2984 | D:3      | Found an ornate altar of the Wu Jian Council.
  3261 | D:4      | Noticed Dowan
  3261 | D:4      | Noticed a scorpion
  3444 | D:4      | Noticed Duvessa
  3522 | D:4      | Noticed a phantom
  3541 | D:4      | Killed a phantom
  3542 | D:4      | Reached skill level 7 in Summonings
  3542 | D:4      | Reached XP level 5. HP: 28/28 MP: 2/11
  3547 | D:4      | Learned a level 4 spell: Summon Lightning Spire
  4115 | D:4      | Reached skill level 8 in Summonings
  4115 | D:4      | Reached XP level 6. HP: 17/32 MP: 4/12
  4199 | D:4      | Noticed Edmund
  4431 | D:4      | Killed Duvessa
  4449 | D:4      | Killed Dowan
  4450 | D:4      | Reached skill level 9 in Summonings
  4465 | D:4      | Identified the +2 short sword of Megalomania {vorpal, *Rage
                  | rPois rC+ Str+7}
  4578 | D:4      | Found a staircase to the Ecumenical Temple.
  4588 | Temple   | Entered the Ecumenical Temple
  4643 | Temple   | Became a worshipper of Hepliaklqana the Forgotten
  4807 | D:4      | Reached XP level 7. HP: 36/36 MP: 13/13
  4860 | D:4      | Killed Edmund
  5157 | D:5      | Entered Level 5 of the Dungeon
  5580 | D:5      | Reached skill level 10 in Summonings
  5753 | D:5      | Reached skill level 1 in Air Magic
  6227 | D:5      | Found a runed translucent door.
  6355 | D:5      | Reached XP level 8. HP: 41/41 MP: 0/14
  6815 | D:5      | Identified the +1 robe of Goutt {rElec rF+++ Int-5 Slay+4}
  6956 | D:5      | Identified a scroll of acquirement
  6956 | D:5      | Acquired the ring of Truth {rC+ Slay+4 SInv}
  6989 | D:6      | Reached * piety under Hepliaklqana
  7008 | D:6      | Reached skill level 11 in Summonings
  7041 | D:6      | Noticed Grinder
  7053 | D:6      | Killed Grinder
  7054 | D:6      | Reached skill level 1 in Short Blades
  7165 | D:6      | Noticed Prince Ribbit
  7193 | D:6      | Killed Prince Ribbit
  7194 | D:6      | Reached skill level 1 in Fighting
  7672 | D:6      | Reached XP level 9. HP: 42/42 MP: 17/17
  7836 | D:6      | Found a runed translucent door.
  7837 | D:6      | Noticed Crazy Yiuf
  7921 | D:6      | Killed Crazy Yiuf
  8566 | D:7      | Noticed a red ugly thing
  8573 | D:7      | Reached skill level 5 in Stealth
  8573 | D:7      | Reached skill level 5 in Spellcasting
  8573 | D:7      | Reached skill level 12 in Summonings
  8594 | D:7      | Killed a red ugly thing
  8595 | D:7      | Reached skill level 5 in Dodging
  8786 | D:7      | Reached skill level 5 in Air Magic
  8827 | D:7      | Found a stormy altar of Qazlal.
  9244 | D:7      | Identified the amulet "Yrimm" {Regen+ Str+5}
  9507 | D:8      | Reached ** piety under Hepliaklqana
  9523 | D:8      | Remembered your ancestor Cashile as a hexer
  9583 | D:8      | Reached skill level 13 in Summonings
  9808 | D:8      | Found an ancient bone altar of Kikubaaqudgha.
 10084 | D:8      | Noticed Harold
 10084 | D:8      | Noticed Pikel
 10085 | D:8      | Noticed Joseph
 10146 | D:8      | Killed Pikel
 10147 | D:8      | Reached XP level 10. HP: 46/46 MP: 1/19
 10201 | D:8      | Killed Harold
 10202 | D:8      | Reached skill level 14 in Summonings
 10593 | D:8      | Found a glowing silver altar of Zin.
 10593 | D:8      | Found a glowing golden altar of the Shining One.
 10593 | D:8      | Found a white marble altar of Elyvilon.
 11347 | D:9      | Reached skill level 15 in Summonings
 11371 | D:9      | Reached *** piety under Hepliaklqana
 11539 | D:9      | Noticed a two-headed ogre
 11551 | D:9      | Killed a two-headed ogre
 11552 | D:9      | Reached skill level 16 in Summonings
 11622 | D:9      | Acquired a +7 quick blade
 11800 | D:9      | Noticed a two-headed ogre
 11811 | D:9      | Killed a two-headed ogre
 11812 | D:9      | Reached XP level 11. HP: 50/50 MP: 5/20
 12062 | D:9      | Noticed a two-headed ogre
 12078 | D:9      | Killed a two-headed ogre
 12310 | D:10     | Entered Level 10 of the Dungeon
 12675 | D:10     | Reached skill level 5 in Short Blades
 12710 | D:10     | Found a staircase to the Lair.
 12791 | D:10     | Found an iron altar of Okawaru.
 12793 | D:10     | Found a basalt altar of Yredelemnul.
 13003 | D:10     | Identified the +6 trident of the Unstoppable Moons {vorpal,
                  | rF+ rCorr Int+3}
 13064 | D:10     | Noticed a two-headed ogre
 13078 | D:10     | Killed a two-headed ogre
 13639 | Lair:1   | Entered Level 1 of the Lair of Beasts
 13781 | Lair:1   | Reached skill level 1 in Invocations
 13860 | Lair:1   | Noticed a six-headed hydra
 14073 | Lair:1   | Reached XP level 12. HP: 59/59 MP: 17/21
 14322 | Lair:1   | Reached **** piety under Hepliaklqana
 14718 | Lair:1   | Killed a six-headed hydra
 15180 | Lair:2   | Found a runed translucent gate.
 15181 | Lair:2   | Found a runed translucent gate.
 15181 | Lair:2   | Noticed a nine-headed hydra
 15181 | Lair:2   | Noticed Zihow's ghost (journeyman DgIE)
 15182 | Lair:2   | Found a runed translucent gate.
 15182 | Lair:2   | Noticed a nine-headed hydra
 15193 | Lair:2   | Identified the +4 leather armour "Xusoack" {Str-2 Dex+6}
 15269 | Lair:2   | Noticed a seven-headed hydra
 15300 | Lair:2   | Killed a seven-headed hydra
 15417 | Lair:2   | Reached skill level 5 in Fighting
 15516 | Lair:2   | Noticed a boulder beetle
 15530 | Lair:2   | Killed a boulder beetle
 15575 | Lair:2   | Reached skill level 5 in Invocations
 15685 | Lair:2   | Reached skill level 10 in Dodging
 15860 | Lair:2   | Identified the +6 trident of Day {protect, rF+ rN+ Will-
                  | Str+6}
 16260 | Lair:2   | Killed a nine-headed hydra
 16438 | Lair:2   | Identified the +5 broad axe "Tusini" {holy, Fly rN+ Dex-5}
 16521 | Lair:2   | Killed Zihow's ghost
 16603 | Lair:2   | Learned a level 3 spell: Summon Guardian Golem
 16625 | Lair:2   | Learned a level 3 spell: Teleport Other
 16734 | Lair:3   | Identified the ring "Lekohi" {+Blink rC+}
 16817 | Lair:3   | Identified the +0 trident of Umo Iwar {freeze, Fly rPois
                  | Int+2 Dex+10}
 16941 | Lair:3   | Reached skill level 1 in Translocations
 17018 | Lair:3   | Noticed Urug
 17040 | Lair:3   | Killed Urug
 17183 | Lair:3   | Found a staircase to the Snake Pit.
 17257 | Lair:3   | Reached ***** piety under Hepliaklqana
 17500 | Lair:3   | Reached XP level 13. HP: 64/64 MP: 13/23
 18116 | Lair:4   | Noticed Rupert
 18159 | Lair:4   | Killed Rupert
 18290 | Lair:4   | Identified the +0 buckler of the Orb Guardian {rF+ Dex+2}
 18689 | Lair:4   | Found a staircase to the Shoals.
 18800 | Lair:4   | Reached skill level 1 in Shields
 20221 | Lair:5   | Found a staircase to the Slime Pits.
 20811 | Lair:6   | Entered Level 6 of the Lair of Beasts
 21166 | Lair:6   | Reached skill level 5 in Translocations
 21166 | Lair:6   | Reached XP level 14. HP: 62/72 MP: 6/27
 21306 | Lair:6   | Reached skill level 17 in Summonings
 22240 | Lair:6   | Found a large runed translucent door.
 22497 | Lair:6   | Found a large runed translucent door.
 22649 | Lair:6   | Upgraded the game from 0.28-a0-845-gfc338a8e3c to
                  | 0.28-a0-851-g8b9cc49659
 23977 | D:11     | Found the +7 pair of quick blades "Gyre" and "Gimble"
                  | {protect}
 24480 | D:12     | Reached ****** piety under Hepliaklqana
 24945 | D:12     | Found a staircase to the Orcish Mines.
 25550 | D:13     | Found a frozen archway.
 25769 | D:13     | Reached XP level 15. HP: 78/78 MP: 8/30
 25869 | IceCv    | Entered an ice cave
 26218 | IceCv    | Reached skill level 10 in Spellcasting
 26740 | D:13     | Noticed Kirke
 27096 | D:13     | Noticed Snorg
 27104 | D:13     | Killed Snorg
 27245 | D:13     | Killed Kirke
 27292 | D:13     | Gained mutation: You sometimes lose the ability to read
                  | scrolls when taking damage. [potion of mutation]
 27292 | D:13     | Gained mutation: You tend to lose your temper in combat.
                  | [potion of mutation]
 27292 | D:13     | Gained mutation: Your mind is acute. (Int +2) [potion of
                  | mutation]
 27294 | D:13     | Lost mutation: You sometimes lose the ability to read
                  | scrolls when taking damage. [potion of mutation]
 27294 | D:13     | Lost mutation: You tend to lose your temper in combat.
                  | [potion of mutation]
 27294 | D:13     | Gained mutation: Your spells are a little harder to cast,
                  | but a little more powerful. [potion of mutation]
 27294 | D:13     | Gained mutation: You are somewhat resistant to further
                  | mutation. [potion of mutation]
 28101 | D:14     | Found a gate to the Vaults.
 28188 | D:14     | Noticed Louise
 28466 | D:14     | Killed Louise
 28650 | Orc:1    | Entered Level 1 of the Orcish Mines
 28650 | Orc:1    | Found Emasch's Antique Armour Boutique.
 28665 | Orc:1    | Bought a pair of runed boots for 195 gold pieces
 28883 | Orc:2    | Entered Level 2 of the Orcish Mines
 29131 | Orc:2    | Reached skill level 18 in Summonings
 29277 | Orc:2    | Found a radiant altar of Vehumet.
 29411 | Orc:2    | Found Quta's Antique Weapon Boutique.
 29411 | Orc:2    | Found Wejief's Antique Weapon Shop.
 29411 | Orc:2    | Found Ciamoado's Assorted Antiques.
 29448 | Orc:2    | Found Gutrupt's Antique Weapon Boutique.
 29473 | Orc:2    | Bought a scroll of acquirement for 1456 gold pieces
 29484 | Orc:2    | Acquired Aradgh's Almanac of Entrancing Snow
 29496 | Orc:2    | Learned a level 4 spell: Summon Ice Beast
 29500 | Orc:2    | Learned a level 3 spell: Swiftness
 29506 | Orc:2    | Learned a level 5 spell: Summon Mana Viper
 29584 | Orc:2    | Found a staircase to the Elven Halls.
 29657 | Orc:2    | Found a burning altar of Makhleb.
 29796 | Orc:2    | Noticed an orc warlord
 29850 | Orc:2    | Killed an orc warlord
 30373 | Orc:1    | Noticed Erolcha
 30384 | Orc:1    | Killed Erolcha
 30764 | D:15     | Entered Level 15 of the Dungeon
 30775 | D:15     | Reached skill level 15 in Dodging
 30879 | D:15     | Found a staircase to the Depths.
 30889 | D:15     | Reached XP level 16. HP: 56/86 MP: 22/32
 31044 | D:15     | Reached skill level 10 in Fighting
 31653 | D:15     | Found Teipasheaj's General Store.
 32118 | Shoals:1 | Entered Level 1 of the Shoals
 32118 | Shoals:1 | Noticed Jorgrun
 32131 | Shoals:1 | Killed Jorgrun
 32424 | Shoals:1 | Noticed a kraken
 32440 | Shoals:1 | Killed a kraken
 32599 | Shoals:1 | Reached skill level 10 in Stealth
 32736 | Shoals:1 | Identified the +8 long sword "Tudduliute" {drain, rCorr
                  | Str+4 Dex+4}
 34177 | Shoals:2 | Reached skill level 19 in Summonings
 35077 | Elf:1    | Entered Level 1 of the Elven Halls
 35328 | Elf:1    | HP: 3/89 [deep elf archer/arrow (16)]
 35555 | Elf:1    | Shot with an arrow by a deep elf archer

Illustrated notes

Levels and vault maps discovered:
D:1:      doesnt_arrival_eight_statues, layout_basic, basic_ecumenical_altar
D:2:      layout_loops_ring
D:3:      layout_loops_ring, old_standard_altar, bloody_makhleb,
          grunt_temple_overflow_diamond
D:4:      layout_rooms, minmay_temple_entry_glass, gup_sewer_entry_pipe,
          uniq_duvessa, uniq_edmund
D:5:      layout_loops_ring, lightli_church_of_beogh
D:6:      layout_loops_ring, uniq_grinder, uniq_prince_ribbit1,
          uniq_crazy_yiuf_cottage
D:7:      layout_gridville, nicolae_qazlal_style_of_elements,
          minmay_misc_feat_rugged, minmay_manual_mail
D:8:      layout_layer_cave, good_gods_mini_temple, lemuel_round_altar,
          hangedman_abyss_or_decor_clamps, uniq_joseph, uniq_pikel, uniq_harold
D:9:      layout_cave_pools, serial_park, serial_park_square2,
          grunt_decor_arrowhead, minmay_fountain_box
D:10:     layout_roguey, chequers_temple_overflow_statue_of_worship,
          minmay_lair_entry_grove, serial_glass, glass_columns_a,
          glass_columns_a, small_chamber_with_monster
D:11:     layout_loops_ring, hellmonk_guarded_unrand_gyre_and_gimble
D:12:     layout_cave_pools, david_orc_1_choice
D:13:     layout_loops_ring, portal_ice_cave_entry_imps, kennysheep_donut,
          chequers_serial_rivers_micro_c, uniq_kirke, uniq_snorg
D:14:     layout_small_grid, erik_vaults_2, minmay_crystal_water, uniq_louise
D:15:     gammafunk_depths_entry_grave, layout_gridville, serial_shops,
          nicolae_shop_behind_doors
Temple:   jpeg_temple_alley_garden
Lair:1:   beast_lair_carwin_large_2, layout_chaotic_city
Lair:2:   beast_lair_carwin_large_1, layout_loops_ring,
          gammafunk_ghost_hydra_chop, nicolae_lair_grove_arrangements,
          nzn_sisyphean_effort
Lair:3:   layout_cave_pods, guppyfry_snake_entry_garden, fungi_pond_lemuel,
          uniq_urug
Lair:4:   layout_regular_city, elwin_shoals_entry_rooms, wad_woods_01,
          serial_bayou_shore_b, uniq_rupert
Lair:5:   layout_hall_layers, slime_dummy, minmay_lair_drake_nest,
          serial_bayou_shore_a, lemuel_fruit_fields
Lair:6:   cheibrodos_lair_end_hotspot, layout_regular_city, st_stairs_11
Shoals:1: layout_shoals, nicolae_shoals_drake_roost, uniq_jorgrun
Shoals:2: layout_shoals
Orc:1:    layout_caves, serial_shops, shop, lemuel_statue_altar, uniq_erolcha
Orc:2:    st_orc_mages, layout_caves, basic_altar, hangedman_feature_mirror
Elf:1:    elf_arrival_002, layout_gridlike, serial_shops, nicolae_shop_trees,
          shop, nicolae_shop_behind_doors, nicolae_diamond_shop,
          nicolae_shop_stone, minivault_28, grunt_megastairs_3

Skill      XL: |  1  2  3  4  5  6  7  8  9 10 11 12 13 14 15 16 |
---------------+-------------------------------------------------+-----
Summonings     | 5 6 7 8 9 10 11 13 16 17 18 19 | 19.1
Air Magic      | 2 3 5 |  5.0
Short Blades   | 1 2 7 8 |  8.0
Fighting       | 1 4 5 6 7 9 10 | 10.8
Dodging        | 3 5 7 12 13 15 16 | 16.4
Stealth        | 4 5 8 11 | 11.4
Spellcasting   | 4 5 7 9 10 | 10.0
Invocations    | 1 5 7 8 |  8.2
Translocations | 1 5 6 8 |  8.2
Shields        | 2 4 |  4.3

Action                   |  1- 3 |  4- 6 |  7- 9 | 10-12 | 13-15 | 16-18 || total
-------------------------+-------+-------+-------+-------+-------+-------++-------
Melee: Unarmed           |    13 |       |       |       |       |       ||    13
       Club              |    13 |       |       |       |       |       ||    13
       Short sword       |    11 |    46 |    70 |    49 |       |       ||   176
       Quick blade       |       |       |       |   145 |   349 |       ||   494
       Pair of quick bla |       |       |       |       |   482 |   211 ||   693
 Cast: Summon Small Mamm |    26 |    30 |    30 |    24 |    16 |       ||   126
       Call Imp          |    10 |    14 |    33 |    36 |    55 |    10 ||   158
       Call Canine Famil |     2 |    18 |    35 |    42 |    94 |    23 ||   214
       Summon Lightning  |       |       |     4 |    71 |   160 |    37 ||   272
       Summon Guardian G |       |       |       |     2 |    39 |    22 ||    63
       Summon Ice Beast  |       |       |       |       |     4 |    15 ||    19
       Summon Mana Viper |       |       |       |       |     2 |     4 ||     6
       Swiftness         |       |       |       |       |       |     5 ||     5
Invok: Ancestor Identity |       |       |     1 |       |       |       ||     1
       Recall Ancestor   |       |       |     1 |     1 |    10 |       ||    12
       Ancestor Life: He |       |       |     1 |       |       |       ||     1
  Use: Scroll            |       |       |    13 |    15 |    11 |     2 ||    41
       Potion            |       |       |       |       |     4 |     2 ||     6
 Stab: Sleeping          |     2 |     2 |     3 |     2 |    27 |     4 ||    40
       Distracted        |     1 |       |     6 |     3 |    12 |     4 ||    26
       Confused          |       |       |       |     2 |     4 |     1 ||     7
       Paralysed         |       |       |       |       |     6 |     7 ||    13
       Invisible         |       |       |       |       |       |     1 ||     1
Armor: Robe              |    12 |    31 |    31 |    38 |   112 |    60 ||   284
Dodge: Dodged            |    53 |    52 |    53 |   113 |   381 |   214 ||   866

Table legend: (Time is in decaauts)
 A = Elapsed time spent in this place.
 B = Non-inter-level travel time spent in this place.
 C = Inter-level travel time spent in this place.
 D = Time resting spent in this place.
 E = Time spent auto-exploring this place.
 F = Levels seen in this place.
 G = Mean time per level.
                   A        B        C        D        E       F      G
               +--------+--------+--------+--------+--------+-----+--------+
         Total |  35146 |  32962 |   2184 |   3632 |  21496 |  28 | 1255.2 |
       Dungeon |  19647 |  18405 |   1242 |   1909 |  12322 |  15 | 1309.8 |
        Temple |     96 |     56 |     40 |      0 |     32 |   1 |   96.0 |
          Lair |   9642 |   8987 |    655 |    663 |   6069 |   6 | 1607.0 |
        Shoals |   2714 |   2651 |     63 |    488 |   1625 |   2 | 1357.0 |
  Orcish Mines |   2451 |   2269 |    182 |    516 |   1184 |   2 | 1225.5 |
   Elven Halls |     50 |     50 |      0 |      0 |      0 |   1 |   50.0 |
      Ice Cave |    544 |    544 |      0 |     56 |    263 |   1 |  544.0 |
               +--------+--------+--------+--------+--------+-----+--------+

Top non-repeatable levels by time:
  Lair:6: 2179 daAuts
  Lair:4: 2004 daAuts
     D:5: 1848 daAuts
   Orc:2: 1825 daAuts
     D:8: 1801 daAuts
  Lair:2: 1707 daAuts
     D:6: 1447 daAuts
  Lair:1: 1441 daAuts
  Lair:3: 1435 daAuts
Shoals:2: 1432 daAuts
     D:3: 1413 daAuts
    D:10: 1367 daAuts
    D:13: 1356 daAuts
Shoals:1: 1282 daAuts
     D:2: 1272 daAuts
